 Dungeon Crawl Stone Soup version 0.28-a0-1396-gdcb3f3653b (webtiles) character file.

Game seed: 491236461642170800

12 Deminshera the Magician (level 2, 0/19 HPs)
             Began as a Barachi Hedge Wizard on Jan 5, 2022.
             Slain by Jessica (8 damage)
             ... on level 2 of the Dungeon.
             The game lasted 00:01:27 (1083 turns).

Deminshera the Magician (Barachi Hedge Wizard)      Turns: 1083, Time: 00:01:28

Health: 0/19       AC:  2    Str: 11    XL:     2   Next: 33%
Magic:  4/6        EV: 12    Int: 14    God:
Gold:   36         SH:  0    Dex: 11    Spells: 7/8 levels left

rFire   . . .      SeeInvis .   a - +0 dagger
rCold   . . .      Faith    .   (no shield)
rNeg    . . .      Spirit   .   b - +0 robe
rPois   .          Reflect  .   c - +0 hat
rElec   .          Harm     .   (no cloak)
rCorr   .          Rampage  .   (no gloves)
Will    .....                   (no boots)
Stlth   ++........              (no amulet)
HPRegen 0.06/turn               (no ring)
MPRegen 0.10/turn               (no ring)

@: slowed, very slow
A: amphibious, slowness 1, strong legs 1, +LOS
a: Hop


You were on level 2 of the Dungeon.
You visited 1 branch of the dungeon, and saw 2 of its levels.

You collected 36 gold pieces.

Inventory:

Hand Weapons
 a - a +0 dagger (weapon)
Armour
 b - a +0 robe (worn)
 c - a +0 hat (worn)
Jewellery
 f - an amulet of regeneration
Scrolls
 d - 3 scrolls of identify {unknown}
 e - a scroll of enchant armour {unknown}


   Skills:
 - Level 2.1 Dodging
 - Level 2.0 Stealth
 + Level 3.6 Spellcasting
 + Level 1.8 Conjurations
 - Level 1.2 Summonings
 - Level 1.1 Translocations


You had 7 spell levels left.
You knew the following spells:

 Your Spells              Type           Power      Damage    Failure   Level
a - Magic Dart            Conj           28%        1d4       10%         1

Your spell library contained the following spells:

 Spells                   Type           Power      Damage    Failure   Level
 Blink                    Tloc           10%        N/A       19%         2
 Call Imp                 Summ           5%         N/A       19%         2
 Slow                     Hex            8%         N/A       21%         1
 Conjure Flame            Conj/Fire      5%         6-21      38%         3
 Mephitic Cloud           Conj/Pois/Air  4%         N/A       43%         3
 Alistair's Intoxication  Tmut/Pois      1%         N/A       99%         5
 Borgnjor's Vile Clutch   Necr/Erth      1%         N/A       99%         5
 Eringya's Noxious Bog    Tmut/Pois      1%         N/A       100%        6


Dungeon Overview and Level Annotations

Branches:
Dungeon (2/15)

Altars:

Annotations:
D:2 Jessica


Innate Abilities, Weirdness & Mutations

You are amphibious.
You cover ground slowly.
You can hop short distances.
You have an extended range of vision and can be seen from far away.


Message History

There is a stone staircase leading up here.
Found a scimitar.
Found a stone staircase leading down.
There is a stone staircase leading down here.
You open the door.
A kobold and Jessica come into view.
Jessica is wielding a +4 dagger of venom.
The kobold shouts!
A rat comes into view.
There are monsters nearby!
Jessica shouts!
There is an open door here.
You miscast Magic Dart.
You are very lightly contaminated with residual magic.
Nothing appears to happen.
Jessica points at you and mumbles some strange words.
Pain shoots through your body!
The kobold throws a stone.
The stone hits you.
You are too injured to fight recklessly!
Jessica mumbles some strange words.
Jessica seems to speed up.
The kobold throws a stone.
The stone closely misses you.
Jessica points at you and mumbles some strange words.
You feel yourself slow down.
You are too injured to fight recklessly!
Unknown command.
Aiming: Magic Dart (safe; 10% risk of failure)
Press: ? - help, Q - select action, (/) - cycle Shift-Dir - straight line, f/p - kobold
Aim: a kobold, wielding a +0 whip and quivering stones (100% to hit)
The magic dart hits Jessica.
Jessica is moderately wounded.
Jessica gestures wildly while chanting.
Jessica blinks!
Your magical contamination has completely faded away.
Aiming: Magic Dart (safe; 10% risk of failure)
Press: ? - help, Q - select action, (/) - cycle Shift-Dir - straight line, f - Jessica, p - kobold
Aim: Jessica, wielding a +4 dagger of venom and wearing a +0 robe (moderately wounded, fast, 100% to hit)
The magic dart hits Jessica.
Jessica is heavily wounded.
Jessica hits you with a +4 dagger of venom!
You die...

#.###########
#...........#
#.#########.#
#.#......##.#
#.#.####.##.#
#########.#.#.....#.#
........#.#.........## ##
........#@#)...#....<# #.
........#@##.###.##### #.
........#.#....#.########.
........#.####.#..........
........#K# #.##########.
........#.# #.# #.
........'># #.##########.
........### #............
....@.K. #############
........


You could see Jessica (fast) and a kobold.

Vanquished Creatures
  2 bats (D:1)
  An endoplasm (D:1)
  A giant cockroach (D:1)
  2 goblins (D:1)
  2 hobgoblins (D:1)
  A ball python (D:1)
  A frilled lizard (D:1)
10 creatures vanquished.

Notes
Turn   | Place    | Note
-------+----------+-------------------------------------------
     0 | D:1      | Deminshera the Barachi Hedge Wizard began the quest for the
                  | Orb.
     0 | D:1      | Reached XP level 1. HP: 13/13 MP: 4/4
   260 | D:1      | Reached XP level 2. HP: 19/19 MP: 1/6
   868 | D:1      | Found a faded altar of an unknown god.
  1074 | D:2      | Noticed Jessica
  1083 | D:2      | Slain by Jessica

Illustrated notes

Levels and vault maps discovered:
D:1:      dpeg_arrival_arbitrary_a, layout_basic,
          shapermc_ecumenical_altar_venn, chequers_serial_rivers_large_a
D:2:      layout_basic, uniq_jessica

Skill      XL: |  1 |
---------------+----+-----
Stealth        | 2 |  2.0
Dodging        | |  2.1
Spellcasting   | |  3.6
Conjurations   | |  1.8
Summonings     | |  1.2
Translocations | |  1.1

Action                   || total
-------------------------++-------
Melee: Dagger            ||     6
 Cast: Magic Dart        ||    23
Armor: Robe              ||     1
Dodge: Dodged            ||     6

Table legend: (Time is in decaauts)
 A = Elapsed time spent in this place.
 B = Non-inter-level travel time spent in this place.
 C = Inter-level travel time spent in this place.
 D = Time resting spent in this place.
 E = Time spent auto-exploring this place.
 F = Levels seen in this place.
 G = Mean time per level.
                   A        B        C        D        E       F      G
               +--------+--------+--------+--------+--------+-----+--------+
         Total |   1219 |   1164 |     55 |    160 |    913 |   2 |  609.5 |
       Dungeon |   1219 |   1164 |     55 |    160 |    913 |   2 |  609.5 |
               +--------+--------+--------+--------+--------+-----+--------+

Top non-repeatable levels by time:
     D:1: 1111 daAuts
     D:2: 107 daAuts
